 Dungeon Crawl Stone Soup version 0.30-a0-824-g6c64550be9 (webtiles) character file.

Game seed: 10907303512817777953

969 Pimp the Trooper (level 8, -12/71 HPs)
             Began as a Hill Orc Fighter on Feb 27, 2023.
             Mangled by a boulder beetle (18 damage)
             ... on level 6 of the Dungeon.
             The game lasted 00:07:21 (4018 turns).

Pimp the Trooper (Hill Orc Fighter)                 Turns: 4018, Time: 00:07:22

Health: -12/71     AC: 11    Str: 21    XL:     8   Next: 16%
Magic:  8/8        EV:  7    Int:  8    God:
Gold:   229        SH:  6    Dex: 10    Spells: 7/7 levels left

rFire   . . .      SeeInvis .    a - +1 war axe
rCold   . . .      Faith    .    c - +1 buckler
rNeg    . . .      Spirit   .    v - +0 chain mail
rPois   .          Reflect  .    (no helmet)
rElec   .          Harm     .    (no cloak)
rCorr   .          Rampage  .    t - +0 pair of gloves
Will    .....                    (no boots) Stlth
                                 (no amulet)
HPRegen 0.31/turn                (no ring)
MPRegen 0.11/turn                (no ring)

@: mighty
A: no striking features
a: no special abilities


You were on level 6 of the Dungeon.
You visited 1 branch of the dungeon, and saw 6 of its levels.

You collected 229 gold pieces.

Inventory:

Hand Weapons
 a - a +1 war axe (weapon)
 u - a +2 rapier of protection
Missiles
 o - 7 poisoned darts (quivered)
Armour
 b - a +0 scale mail
 c - a +1 buckler (worn)
 t - a +0 pair of gloves (worn)
 v - a +0 chain mail (worn)
Wands
 s - a wand of charming (6)
Scrolls
 f - a scroll of fog
 k - a scroll of acquirement {unknown}
 m - 2 scrolls of fear
 q - 2 scrolls of identify
 r - 2 scrolls of teleportation {unknown}
 w - a scroll of magic mapping {unknown}
 x - a scroll of immolation {unknown}
Potions
 d - a potion of might
 e - a potion of brilliance {unknown}
 g - a potion of magic
 h - a potion of lignification {unknown}
 i - 2 potions of attraction {unknown}
 j - 2 potions of curing {unknown}
 l - 2 potions of heal wounds {unknown}
 n - 2 potions of mutation {unknown}
 p - a potion of cancellation {unknown}


   Skills:
 + Level 6.5 Fighting
 + Level 6.5 Axes
 + Level 6.0 Armour
 + Level 5.9 Shields


You had 7 spell levels left.
You didn't know any spells.
Your spell library contained the following spells:

 Spells                   Type           Power      Damage    Failure   Level
 Blink                    Tloc           0%         N/A       100%        2
 Lesser Beckoning         Tloc           0%         N/A       100%        2
 Momentum Strike          Conj/Tloc      0%         3d8       100%        2
 Vhi's Electric Charge    Tloc/Air       0%         N/A       100%        3
 Arcjolt                  Conj/Air       0%         1d10      100%        5
 Freezing Cloud           Conj/Ice/Air   0%         6-21      100%        5
 Simulacrum               Ice/Necr       0%         N/A       100%        6
 Maxwell's Capacitive Co  Air            0%         ∞         100%        8
 Polar Vortex             Ice            0%         N/A       100%        9


Dungeon Overview and Level Annotations

Branches:
Dungeon (6/15)
 Temple: D:4-7

Altars:
Makhleb
Wu Jian

Shops:
D:4 :


Message History

The scorpion stings you but does no damage.
You closely miss the scorpion. The scorpion stings you.
You slash the scorpion!
The scorpion is heavily wounded.
The scorpion stings you. You block the scorpion's attack.
You closely miss the scorpion.
The scorpion is heavily wounded.
You block the scorpion's attack.
You hit the scorpion.
The scorpion is severely wounded.
The scorpion stings you.
The scorpion stings you but does no damage.
You hit the scorpion.
You kill the scorpion!
Your Armour skill increases to level 6!
HP restored.
You now have 229 gold pieces (gained 3).
Found a ring mail.
A boulder beetle comes into view.
The boulder beetle curls into a ball and begins rolling!
The boulder beetle hits you!!
The boulder beetle stops rolling and uncurls.
You hit the boulder beetle but do no damage.
The boulder beetle bites you!
You hit the boulder beetle but do no damage.
The boulder beetle bites you.
You hit the boulder beetle but do no damage.
You block the boulder beetle's attack. The boulder beetle bites you!
You hit the boulder beetle.
The boulder beetle is lightly wounded.
The boulder beetle bites you but does no damage.
The boulder beetle attacks as you move away!
The boulder beetle completely misses you.
The boulder beetle curls into a ball and begins rolling!
The boulder beetle hits you!!
* * * LOW HITPOINT WARNING * * *
The boulder beetle stops rolling and uncurls.
You feel very mighty all of a sudden. The boulder beetle bites you!!
You die...

##.....## #######>......#
##.............#
##...#####.......# [..#
###........##
####.####...###...##
##.°..##...##.........
####.○#B.#..#.....#######
.##....B##@..##...#.#
........°###.###.....#
..##..###.##.# .###..#
##. #.#.# # .## ## ##.# #
.⌠. #.# #.#


You could see a boulder beetle.

Vanquished Creatures
  A water moccasin (D:5)
  2 black bears
  2 ogres (D:5)
  2 scorpions
  3 hounds
  An orc priest (D:5)
  Crazy Yiuf (D:2)
  An orc wizard (D:5)
  2 iguanas (D:5)
  8 adders
  4 gnolls (D:4)
  3 dart slugs
  5 orcs
  6 bats
  6 endoplasms
  2 giant cockroaches
  5 goblins
  6 hobgoblins
  6 kobolds
  3 quokkas
  4 ball pythons
  5 frilled lizards
  2 rats
80 creatures vanquished.

Vanquished Creatures (others)
  2 fungi (D:2)
2 creatures vanquished.

Grand Total: 82 creatures vanquished

Notes
Turn   | Place    | Note
-------+----------+-------------------------------------------
     0 | D:1      | Pimp the Hill Orc Fighter began the quest for the Orb.
     0 | D:1      | Reached XP level 1. HP: 19/19 MP: 1/1
   206 | D:1      | Reached XP level 2. HP: 24/27 MP: 2/2
   464 | D:1      | Found a faded altar of an unknown god.
   563 | D:2      | Reached XP level 3. HP: 33/33 MP: 3/3
   931 | D:2      | Reached XP level 4. HP: 40/40 MP: 4/4
   978 | D:2      | Found a runed translucent door.
   979 | D:2      | Noticed Crazy Yiuf
  1001 | D:2      | Killed Crazy Yiuf
  1953 | D:4      | Reached XP level 5. HP: 46/47 MP: 5/5
  2035 | D:4      | Noticed a black bear
  2048 | D:4      | Killed a black bear
  2049 | D:4      | Reached skill level 5 in Fighting
  2049 | D:4      | Reached XP level 6. HP: 36/56 MP: 6/6
  2121 | D:4      | Found an ornate altar of the Wu Jian Council.
  2243 | D:4      | Found Tianaog's Self-Improvement Boutique.
  2302 | D:5      | Entered Level 5 of the Dungeon
  2476 | D:5      | Reached skill level 5 in Axes
  2476 | D:5      | Reached skill level 5 in Armour
  2545 | D:5      | Noticed a black bear
  2554 | D:5      | Reached skill level 5 in Shields
  2554 | D:5      | Reached XP level 7. HP: 59/61 MP: 7/7
  3083 | D:5      | Reached XP level 8. HP: 16/70 MP: 8/8
  3736 | D:4      | Found a burning altar of Makhleb.
  4006 | D:6      | Noticed a boulder beetle
  4018 | D:6      | Mangled by a boulder beetle

Illustrated notes

Levels and vault maps discovered:
D:1:      dpeg_arrival_water_temple_mockup, layout_basic,
          hellmonk_ecumenical_altar_heavens_door
D:2:      layout_rooms, uniq_crazy_yiuf_cottage
D:3:      layout_loops_corners, fountainhead, grunt_ministairs_13
D:4:      layout_basic, kennysheep_mini_moat, lemuel_crystal_altar,
          nicolae_shop_self_help
D:5:      layout_cave_pods
D:6:      cheibrodos_iron_armory, layout_rooms, mainiacjoe_overflow_swirl,
          serial_shops, shop, minmay_misc_feat_cross, kb_rosetta, uniq_duvessa

Skill      XL: |  1  2  3  4  5  6  7  8 |
---------------+-------------------------+-----
Axes           | 3 4 5 6 |  6.5
Fighting       | 4 5 6 |  6.5
Armour         | 4 5 6 |  6.0
Shields        | 4 5 |  5.9

Action                     |  1- 3 |  4- 6 |  7- 9 || total
---------------------------+-------+-------+-------++-------
  Melee: War axe           |    88 |    95 |    76 ||   259
         Rapier            |       |     9 |       ||     9
  Throw: Dart              |       |     1 |       ||     1
    Use: Scroll            |       |     6 |       ||     6
         Potion            |       |     1 |     1 ||     2
 Armour: Scale mail        |    55 |    64 |       ||   119
         Chain mail        |       |     6 |    60 ||    66
  Dodge: Dodged            |    55 |    61 |    15 ||   131
  Block: Buckler           |    23 |    50 |    24 ||    97

Table legend: (Time is in decaauts)
 A = Elapsed time spent in this place.
 B = Non-inter-level travel time spent in this place.
 C = Inter-level travel time spent in this place.
 D = Time resting spent in this place.
 E = Time spent auto-exploring this place.
 F = Levels seen in this place.
 G = Mean time per level.
                   A        B        C        D        E       F      G
               +--------+--------+--------+--------+--------+-----+--------+
         Total |   4102 |   3850 |    252 |    435 |   2576 |   6 |  683.7 |
       Dungeon |   4102 |   3850 |    252 |    435 |   2576 |   6 |  683.7 |
               +--------+--------+--------+--------+--------+-----+--------+

Top non-repeatable levels by time:
     D:5: 1326 daAuts
     D:3: 878 daAuts
     D:4: 725 daAuts
     D:1: 574 daAuts
     D:2: 522 daAuts
     D:6: 73 daAuts
